 Dungeon Crawl Stone Soup version 0.32-a0-656-g3542139ebd (webtiles) character file.

Game seed: 16545257711363025158

172 backslashecho the Grave Robber (level 5, -2/38 HPs)
             Began as a Mountain Dwarf Necromancer on Mar 8, 2024.
             Slain by Duvessa
             ... wielding a +0 short sword
              (6 damage)
             ... on level 4 of the Dungeon.
             The game lasted 00:04:52 (3394 turns).

backslashecho the Grave Robber (MDNe)               Turns: 3394, Time: 00:04:53

Health: -2/38      AC:  6    Str: 13    XL:     5   Next: 27%
Magic:  1/8        EV:  9    Int: 15    God:
Gold:   167        SH:  0    Dex: 10    Spells: 7/8 levels left

rFire   . . .        e - +2 dagger (venom)
rCold   . . .        (no shield)
rNeg    . . .        d - +0 scale mail
rPois   .            (no helmet)
rElec   .            (no cloak)
rCorr   .            (no gloves)
SInv    .            (no boots)
Will    .....        (no amulet) Stlth
                     (no ring)
HPRegen 0.26/turn    (no ring)
MPRegen 0.11/turn

%: no passive effects
@: no status effects
A: runic magic, artefact enchanting
a: no special abilities


You were on level 4 of the Dungeon.
You visited 1 branch of the dungeon, and saw 4 of its levels.

You collected 167 gold pieces.

Inventory:

Hand Weapons
 e - a +2 dagger of venom (weapon)
Missiles
 i - 4 poisoned darts (quivered)
Armour
 d - a +0 scale mail (worn)
Wands
 r - a wand of flame (18)
Scrolls
 a - 3 scrolls of teleportation {unknown}
 c - 3 scrolls of identify {unknown}
 f - a scroll of enchant weapon {unknown}
 j - a scroll of summoning {unknown}
 m - a scroll of revelation {unknown}
 n - a scroll of immolation {unknown}
 p - a scroll of enchant armour {unknown}
Potions
 b - 3 potions of magic
 g - 2 potions of attraction {unknown}
 h - a potion of haste {unknown}
 k - a potion of enlightenment {unknown}
 l - 4 potions of curing {unknown}
 o - 2 potions of might {unknown}
 q - a potion of heal wounds {unknown}


   Skills:
 + Level 3.7 Dodging
 - Level 1.4 Stealth
 - Level 2.0 Spellcasting
 - Level 5.0 Necromancy


You had 7 spell levels left.
You knew the following spells:

 Your Spells              Type           Power      Damage    Failure   Level
a - Necrotise             Necr           64%        1d7       4%          1

Your spell library contained the following spells:

 Spells                   Type           Power      Damage    Failure   Level
 Vampiric Draining        Necr           16%        2d7       12%         3
 Animate Dead             Necr           16%        N/A       38%         4
 Curse of Agony           Necr           16%        N/A       75%         5


Dungeon Overview and Level Annotations

Branches:
Dungeon (4/15)
 Temple: D:4-7

Altars:
Ashenzari

Annotations:
D:4 Dowan, Duvessa


Innate Abilities, Weirdness & Mutations

Your spellcasting is much less encumbered by armour.
You can use scrolls of enchantment on lesser artefacts.


Message History

The iguana barely resists.
Your ball python skeleton bites the iguana.
Your ball python skeleton grabs the iguana.
Your ball python skeleton constricts the iguana.
The iguana bites your ball python skeleton!
Your ball python skeleton is destroyed!
The iguana hisses angrily.
You now have 5/8 mp.
Casting: Necrotise (safe; 4% risk of failure)
Confirm with . or Enter, or press ? or * to list all spells.
Aiming: Necrotise (safe; 4% risk of failure)
Press: ? - help, Shift-Dir - straight line, f/p - iguana
Aim: an iguana (lightly wounded, chance to affect: 80%)
The iguana writhes in agony.
You now have 4/8 mp.
Casting: Necrotise (safe; 4% risk of failure)
Confirm with . or Enter, or press ? or * to list all spells.
Aiming: Necrotise (safe; 4% risk of failure)
Press: ? - help, Shift-Dir - straight line, f/p - iguana
Aim: an iguana (moderately wounded, chance to affect: 80%)
The iguana writhes in agony.
The iguana bites you but does no damage.
You now have 3/8 mp.
Things that are here:
a +0 club; a +0 scale mail; the goblin corpse of Ijyb
Casting: Necrotise (safe; 4% risk of failure)
Confirm with . or Enter, or press ? or * to list all spells.
Aiming: Necrotise (safe; 4% risk of failure)
Press: ? - help, Shift-Dir - straight line, f/p - iguana
Aim: an iguana (heavily wounded, chance to affect: 80%)
The iguana writhes in agony.
The iguana barely misses you.
You hit the iguana but do no damage.
The iguana is poisoned.
The iguana is heavily wounded.
The iguana barely misses you.
You closely miss the iguana.
The iguana is heavily wounded.
The iguana closely misses you.
You hit the iguana.
The iguana looks as sick as possible!
The iguana is severely wounded.
The iguana barely misses you.
You hit the iguana but do no damage.
The iguana is almost dead.
You kill the iguana!
You hit Duvessa but do no damage.
Duvessa is poisoned.
Duvessa hits you but does no damage.
You hit Duvessa but do no damage.
Duvessa says, "Where magic fails, the sword succeeds!"
Duvessa barely misses you.
Casting: Necrotise (safe; 4% risk of failure)
Confirm with . or Enter, or press ? or * to list all spells.
Aiming: Necrotise (safe; 4% risk of failure)
Press: ? - help, Shift-Dir - straight line, f - Duvessa
Aim: Duvessa, wielding a +0 short sword and wearing a +0 ring mail (lightly wounded, very poisoned, chance to affect: 57%) Duvessa writhes in agony.
Duvessa barely misses you.
You now have 2/8 mp.
Casting: Necrotise (safe; 4% risk of failure)
Confirm with . or Enter, or press ? or * to list all spells.
Aiming: Necrotise (safe; 4% risk of failure)
Press: ? - help, Shift-Dir - straight line, f/p - Duvessa
Aim: Duvessa, wielding a +0 short sword and wearing a +0 ring mail (moderately wounded, very poisoned, chance to affect: 57%) Duvessa writhes in agony.
Duvessa hits you with a +0 short sword.
You take 1 damage, and have 37/38 hp.
You now have 1/8 mp.
Duvessa attacks as she pursues you! Duvessa hits you but does no damage.
Casting: Necrotise (safe; 4% risk of failure)
Confirm with . or Enter, or press ? or * to list all spells.
Aiming: Necrotise (safe; 4% risk of failure)
Press: ? - help, Shift-Dir - straight line, f/p - Duvessa
Aim: Duvessa, wielding a +0 short sword and wearing a +0 ring mail (moderately wounded, very poisoned, chance to affect: 57%) Duvessa writhes in agony.
Duvessa hits you with a +0 short sword.
You take 5 damage, and have 32/38 hp.
You now have 1/8 mp.
You hit Duvessa but do no damage.
Duvessa looks even sicker.
Duvessa is heavily wounded.
Duvessa hits you with a +0 short sword!
You take 9 damage, and have 23/38 hp.
MASSIVE DAMAGE!!
Casting: Necrotise (safe; 4% risk of failure)
Confirm with . or Enter, or press ? or * to list all spells.
Aiming: Necrotise (safe; 4% risk of failure)
Press: ? - help, Shift-Dir - straight line, f/p - Duvessa
Aim: Duvessa, wielding a +0 short sword and wearing a +0 ring mail (heavily wounded, very poisoned, chance to affect: 57%) Duvessa writhes in agony.
Duvessa hits you with a +0 short sword. The goblin hits you but does no damage.
You take 3 damage, and have 20/38 hp.
You now have 0/8 mp.
Duvessa attacks as she pursues you! Duvessa hits you but does no damage.
Duvessa attacks as she pursues you! Duvessa hits you with a +0 short sword!
The goblin attacks as it pursues you! The goblin hits you but does no damage.
You take 8 damage, and have 12/38 hp.
MASSIVE DAMAGE!!
Duvessa attacks as she pursues you! Duvessa hits you with a +0 short sword.
* * * LOW HITPOINT WARNING * * *
You take 2 damage, and have 10/38 hp.
Duvessa attacks as she pursues you! Duvessa hits you with a +0 short sword.
* * * LOW HITPOINT WARNING * * *
You take 1 damage, and have 9/38 hp.
The goblin attacks as it pursues you! The goblin hits you with a +0 club.
* * * LOW HITPOINT WARNING * * *
You take 1 damage, and have 8/38 hp.
Duvessa attacks as she pursues you! Duvessa hits you with a +0 short sword.
* * * LOW HITPOINT WARNING * * *
You take 5 damage, and have 3/38 hp.
Duvessa attacks as she pursues you! Duvessa hits you with a +0 short sword.
You die...

##############
#...........(#
#....#######.#
#.......@e...#########
#<...#####g..........#
#.#.## #.............#
#.#.####.....#######)#
#............#######†####
#...####.....##..........
#...# #.....##.####.####
#...# ###.#.# #...###
#.... #.#.# #.....#


You could see Duvessa (poisoned) and a goblin.

Vanquished Creatures
  2 iguanas (D:4)
  Ijyb (D:4)
  2 adders (D:3)
  A dart slug (D:1)
  A ribbon worm (D:3)
  8 ball pythons
  4 bats
  8 endoplasms
  3 giant cockroaches
  11 goblins
  6 hobgoblins
  6 kobolds
  4 quokkas
  4 frilled lizards
  7 rats
68 creatures vanquished.

Vanquished Creatures (collateral kills)
  A dart slug (D:3)
  A kobold (D:1)
2 creatures vanquished.

Vanquished Creatures (others)
  A goblin (D:3)
1 creature vanquished.

Grand Total: 71 creatures vanquished

Notes
Turn   | Place    | Note
-------+----------+-------------------------------------------
     0 | D:1      | backslashecho the Mountain Dwarf Necromancer began the
                  | quest for the Orb.
     0 | D:1      | Reached XP level 1. HP: 14/14 MP: 3/3
   150 | D:1      | Reached XP level 2. HP: 20/20 MP: 0/5
   643 | D:1      | Reached XP level 3. HP: 26/26 MP: 2/6
   946 | D:2      | Reached skill level 5 in Necromancy
  1496 | D:2      | Found a broken altar of Ashenzari.
  2166 | D:3      | Reached XP level 4. HP: 30/33 MP: 4/7
  3202 | D:4      | Noticed Ijyb
  3212 | D:4      | Killed Ijyb
  3283 | D:4      | Reached XP level 5. HP: 38/38 MP: 1/8
  3345 | D:4      | Noticed Duvessa
  3345 | D:4      | Noticed Dowan
  3394 | D:4      | Slain by Duvessa

Illustrated notes

Levels and vault maps discovered:
D:1:      dpeg_arrival_long_road, layout_basic, minmay_fountain_box,
          minmay_split_cup_small
D:2:      layout_basic, basic_altar, st_stairs_14
D:3:      layout_loops_ring, serial_bayou_pond_d, lemuel_flame_loot_1
D:4:      layout_loops_ring, uniq_ijyb, uniq_duvessa

Skill      XL: |  1  2  3  4 |
---------------+-------------+-----
Spellcasting   | 2 |  2.0
Dodging        | 2 3 |  3.7
Necromancy     | 5 |  5.0
Stealth        | |  1.4

Action                     |  1- 3 |  4- 6 || total
---------------------------+-------+-------++-------
  Melee: Unarmed           |    21 |       ||    21
         Dagger            |    23 |    14 ||    37
  Throw: Dart              |       |     1 ||     1
   Cast: Necrotise         |    75 |    44 ||   119
 Armour: Robe              |     7 |       ||     7
         Scale mail        |    45 |    26 ||    71
  Dodge: Dodged            |    37 |    10 ||    47

Table legend: (Time is in decaauts)
 A = Elapsed time spent in this place.
 B = Non-inter-level travel time spent in this place.
 C = Inter-level travel time spent in this place.
 D = Time resting spent in this place.
 E = Time spent auto-exploring this place.
 F = Levels seen in this place.
 G = Mean time per level.
                   A        B        C        D        E       F      G
               +--------+--------+--------+--------+--------+-----+--------+
         Total |   3394 |   3206 |    188 |     25 |   2595 |   4 |  848.5 |
       Dungeon |   3394 |   3206 |    188 |     25 |   2595 |   4 |  848.5 |
               +--------+--------+--------+--------+--------+-----+--------+

Top non-repeatable levels by time:
     D:2: 1275 daAuts
     D:3: 968 daAuts
     D:1: 923 daAuts
     D:4: 227 daAuts
